 Dungeon Crawl Stone Soup version 0.27-a0-1182-gee19b5822f (webtiles) character file.

Game seed: 12915244411203914047

36445 Froggeryz the Cleaver (level 13, -31/105 HPs)
             Began as a Demonspawn Chaos Knight on May 18, 2021.
             Was the Champion of Okawaru.
             Annihilated by an elephant (41 damage)
             ... on level 6 of the Lair of Beasts.
             The game lasted 00:24:48 (14595 turns).

Froggeryz the Cleaver (Demonspawn Chaos Knight)    Turns: 14595, Time: 00:24:49

Health: -31/105    AC: 20    Str: 18      XL:     13   Next: 53%
Magic:  0/16       EV: 11    Int: 19 (22) God:    Okawaru [******]
Gold:   1259       SH:  0    Dex: 15 (16) Spells: 12/12 levels left

rFire    + . .     SeeInvis .   d - +0 hand axe (elec)
rCold    . . .     Faith    .   J - +1 buckler {rF+}
rNeg     . . .     Spirit   +   P - quicksilver dragon scales "Pupnecwo" {Will+ Dex+3}
rPois    .         Reflect  .   n - +1 helmet {Int+3}
rElec    .         Harm     .   l - +2 cloak {Will+}
rCorr    .         Rampage  .   (no gloves)
Will     ++...                  (no boots)
Stlth    +.........             (no amulet)
HPRegen  1.27/turn              r - +6 ring of intelligence
MPRegen  0.30/turn              (no ring)

@: sleeping, unable to read, attractive, flying, slowed
A: hooves 2, molten scales 2, ignite blood 1, magic shield, magic regeneration,
deterioration 2, regeneration 1, evolution 1, inability to read while threatened
a: Renounce Religion, Heroism, Finesse


You were on level 6 of the Lair of Beasts.
You worshipped Okawaru.
Okawaru was exalted by your worship.
You visited 3 branches of the dungeon, and saw 15 of its levels.
You also visited: Ossuary and Bailey.

You collected 1259 gold pieces.

Inventory:

Hand Weapons
 d - a +0 hand axe of electrocution (weapon)
 t - the +6 falchion of Koamm {flame, +Blink}
   (You found it on level 4 of the Dungeon)

   It has been specially enchanted to burn those struck by it, causing extra
   injury to most foes and up to half again as much damage against particularly
   susceptible opponents.
   Big, fiery blades are also staple armaments of hydra-hunters.
   It lets you blink.
 F - a +0 war axe
Missiles
 g - 4 javelins
 E - 7 boomerangs (quivered)
Armour
 l - a +2 cloak of willpower (worn)
 n - a +1 helmet of intelligence (worn)
 B - a +1 scale mail of fire resistance
 J - a +1 buckler of fire resistance (worn)
 P - the quicksilver dragon scales "Pupnecwo" (worn) {Will+ Dex+3}
   (Okawaru gifted it to you on level 4 of the Lair of Beasts)

   It affects your dexterity (+3).
   It increases your willpower.
Jewellery
 o - a ring of see invisible
 r - a +6 ring of intelligence (left hand)
 x - the amulet "Gammazi" {Spirit rC- Int+4 Dex+6}
   (You found it on level 5 of the Lair of Beasts)

   [amulet of guardian spirit]

   It causes incoming damage to be divided between your reserves of health and
   magic.
   It affects your intelligence (+4).
   It affects your dexterity (+6).
   It makes you vulnerable to cold.
 L - a ring of poison resistance
 R - a ring of protection from fire
Wands
 b - a wand of charming (13)
 D - a wand of acid (3)
 I - a wand of polymorph (4)
 K - a wand of iceblast (12)
Scrolls
 e - 2 scrolls of enchant weapon
 f - 4 scrolls of enchant armour
 h - a scroll of magic mapping
 i - 3 scrolls of brand weapon
 q - a scroll of fog
 w - a scroll of fear
 z - a scroll of immolation
 C - 2 scrolls of holy word
 Q - a scroll of blinking
Potions
 a - 5 potions of curing
 c - 3 potions of haste
 j - 4 potions of berserk rage
 k - 2 potions of heal wounds {unknown}
 m - 3 potions of flight
 p - a potion of cancellation {unknown}
 s - a potion of degeneration {unknown}
 u - a potion of ambrosia {unknown}
 v - 2 potions of attraction
 A - a potion of might {unknown}
 M - 2 potions of lignification {unknown}
Miscellaneous
 N - a phantom mirror
 O - a condenser vane


   Skills:
 + Level 10.8 Fighting
 - Level 14.2 Axes
 - Level 5.0 Throwing
 + Level 7.9 Armour
 - Level 2.0 Dodging
 - Level 6.0 Shields
 - Level 4.1 Invocations
 - Level 6.2 Evocations


You had 12 spell levels left.
You didn't know any spells.
Your spell library contained the following spells:

 Spells                   Type           Power      Damage    Failure   Level
 Magic Dart               Conj           0%         1d3       32%         1
 Sting                    Tmut/Pois      0%         1d3       32%         1
 Summon Small Mammal      Summ           0%         N/A       32%         1
 Blink                    Tloc           N/A        N/A       45%         2
 Call Imp                 Summ           0%         N/A       45%         2
 Ensorcelled Hibernation  Hex/Ice        0%         N/A       45%         2
 Slow                     Hex            0%         N/A       45%         2
 Call Canine Familiar     Summ           0%         N/A       69%         3
 Conjure Flame            Conj/Fire      0%         6-21      69%         3
 Mephitic Cloud           Conj/Pois/Air  0%         N/A       69%         3
 Spider Form              Tmut/Pois      0%         N/A       69%         3
 Summon Guardian Golem    Hex/Summ       0%         N/A       69%         3
 Dispel Undead            Necr           0%         3d6       97%         4
 Summon Ice Beast         Ice/Summ       0%         N/A       97%         4
 Summon Lightning Spire   Summ/Air       0%         N/A       97%         4
 Borgnjor's Vile Clutch   Necr/Erth      0%         N/A       100%        5
 Silence                  Hex/Air        0%         N/A       100%        5
 Yara's Violent Unravell  Hex/Tmut       0%         3d3       100%        5
 Conjure Ball Lightning   Conj/Air       0%         3x3d6     100%        6
 Invisibility             Hex            0%         N/A       100%        6
 Tornado                  Air            0%         N/A       100%        9


Dungeon Overview and Level Annotations

Branches:
Dungeon (8/15)             Temple (1/1) D:4            Lair (6/6) D:8
 Shoals (0/4) Lair:3        Snake (0/4) Lair:4        Slime (0/5) Lair:5
Ossuary (visited)          Bailey (visited)

Altars:
Ashenzari
Cheibriados
Dithmenos
Elyvilon
Fedhas
Hepliaklqana
Kikubaaqudgha
Makhleb
Nemelex Xobeh
Okawaru
Ru
Sif Muna
Trog
Uskayaw
Vehumet
Wu Jian
Xom
Yredelemnul
Zin
The Shining One
Jiyva

Annotations:
Lair:1 exclusion: 2 oklob plants
Lair:3 1 runed translucent door, Lonelite's ghost, journeyman DECj
Lair:5 1 runed translucent door


Innate Abilities, Weirdness & Mutations

You have hoof-like feet.
You are mostly covered in molten scales. (AC +3)
Your demonic aura sometimes causes spilled blood to erupt in flames.
When hurt, damage is shared between your health and your magic reserves.
You regenerate magic rapidly.
Your body often deteriorates upon taking damage.
Your natural rate of healing is unusually fast.
You evolve.
You sometimes lose the ability to read scrolls when taking damage.


Message History

You fall asleep.
The komodo dragon bites you!!!
You wake up.
* * * LOW HITPOINT WARNING * * *
Your body deteriorates!
You feel dopey.
The cane toad is engulfed in blazing flames.
The cane toad stings you!
* * * LOW HITPOINT WARNING * * *
The basilisk bites you but does no damage.
The cane toad completely misses you.
The dream sheep bites you but does no damage.
Unknown command.
Okay, then.
Okay, then.
It was a potion of flight.
You feel very buoyant.
You fly up into the air.
A nearby fungus withers and dies.
The cane toad is engulfed in blazing flames.
The cane toad barely misses you. You block the cane toad's attack.
The elephant tramples you but does no damage.
The elephant trunk-slaps you but does no damage.
The komodo dragon closely misses you.
The dream sheep bites you but does no damage.
The basilisk gazes at you. You resist with almost no effort.
The cane toad is engulfed in blazing flames.
The cane toad stings you but does no damage.
An eight-headed hydra comes into view.
The cane toad misses you.
It was a potion of attraction.
You feel attractive to monsters.
The eight-headed hydra roars!
The elephant barely misses you. The elephant closely misses you.
The komodo dragon barely misses you. The dream sheep barely misses you.
The basilisk barely misses you.
The cane toad is engulfed in blazing flames.
You block the cane toad's attack. The cane toad barely misses you.
The dream sheep shake their wool and sparkle.
You feel drowsy...
You fall asleep.
The komodo dragon closely misses you. The elephant tramples you!!!
You die...

.. .. #. ..
###.####...
.##P...#.....
#........[...
.###............
.....#.PPP..P.#
#.....<..PP.# ...
#..P.#.lYF..##P...
#..P.PYl@YYY.#....
#P.PP..F#F.Y.....#
##.....l..k........#
#.........wS...P.P..
#...........S..#P.?
........P#.#......
..D.......###...#
.........P #...#.
...≈≈≈≈≈.###Y..##


You could see an eight-headed hydra, 3 elephants, a torpor snail, 2 komodo
dragons, 2 black mambas, 3 cane toads, a basilisk, a rime drake and 3 dream
sheep.

Vanquished Creatures
  A bunyip (Lair:1)
  9 hydras
  11 death yaks
  An oklob plant (Lair:5)
  4 elephants (Lair:3)
  4 torpor snails (Lair:4)
  2 black mambas
  5 cane toads
  A rime drake (Lair:4)
  7 komodo dragons
  2 trolls (D:8)
  2 polar bears
  12 blink frogs
  Sigmund (D:5)
  33 yaks
  A wyvern (Lair:5)
  3 basilisks
  Duvessa (D:6)
  10 water moccasins
  5 orc warriors
  An ice beast (D:7)
  A sky beast (D:7)
  A necrophage (D:6)
  3 ogres
  10 wolves
  4 centaurs
  11 bullfrogs
  11 scorpions
  Dowan (D:6)
  A wyvern skeleton (D:7)
  A water moccasin skeleton (D:6)
  7 killer bees (D:8)
  A howler monkey (D:8)
  3 electric eels (D:8)
  2 bullfrog zombies
  4 centaur zombies
  A jelly (D:8)
  3 hounds
  A human zombie (Ossuary)
  A bullfrog skeleton (D:5)
  A centaur skeleton (D:6)
  2 gnoll shamans
  An orc priest (D:8)
  Crazy Yiuf (D:2)
  3 iguanas
  An orc wizard (D:2)
  2 scorpion zombies (Ossuary)
  7 hell rats (Lair:3)
  A hound zombie (D:5)
  A hound skeleton (D:5)
  3 mummies (Ossuary)
  2 howler monkey zombies
  Robin (D:2)
  11 gnolls
  11 adders
  2 white imps (D:7)
  An ufetubus (D:5)
  An adder zombie (D:5)
  2 adder skeletons (D:4)
  2 worms
  A dart slug (D:5)
  17 orcs
  6 ball pythons
  6 endoplasms
  5 giant cockroaches
  22 goblins
  17 hobgoblins
  9 jackals
  7 quokkas
  7 bats
  5 frilled lizards
  2 gnoll zombies (Ossuary)
  3 goblin zombies (Ossuary)
  2 hobgoblin zombies (Ossuary)
  21 kobolds
  2 kobold zombies (Ossuary)
  4 rats (D:1)
375 creatures vanquished.

Vanquished Creatures (collateral kills)
  6 yaks (D:8)
  5 wolves (D:8)
  A hound (D:8)
  A gnoll (D:8)
13 creatures vanquished.

Vanquished Creatures (others)
  A scorpion (Ossuary)
  An electric eel (D:8)
  23 fungi
  52 plants
77 creatures vanquished.

Grand Total: 465 creatures vanquished

Notes
Turn   | Place    | Note
-------+----------+-------------------------------------------
     0 | D:1      | Froggeryz the Demonspawn Chaos Knight began the quest for
                  | the Orb.
     0 | D:1      | Reached XP level 1. HP: 18/18 MP: 1/1
    50 | D:1      | Reached skill level 3 in Axes
    71 | D:1      | XOM: silly message
   174 | D:1      | Gained mutation: Your demonic aura sometimes causes spilled
                  | blood to erupt in flames. [demonic ancestry]
   174 | D:1      | Reached XP level 2. HP: 17/24 MP: 2/2
   244 | D:1      | XOM: silly message
   536 | D:1      | Found a faded altar of an unknown god.
  1126 | D:1      | Gained mutation: You are partially covered in molten
                  | scales. (AC +2) [demonic ancestry]
  1126 | D:1      | Reached XP level 3. HP: 29/29 MP: 3/3
  1137 | D:1      | XOM: divination: detect items
  1236 | D:2      | Reached skill level 4 in Axes
  1511 | D:2      | Noticed Robin
  1517 | D:2      | Reached XP level 4. HP: 24/35 MP: 4/4
  1535 | D:2      | Killed Robin
  1727 | D:2      | XOM is BORED!
  1727 | D:2      | XOM: give mutations
  1727 | D:2      | Gained mutation: You are weak. (Str -2) [Xom's mischief]
  1727 | D:2      | Gained mutation: You are dopey. (Int -2) [Xom's mischief]
  1919 | D:2      | Reached skill level 5 in Axes
  2072 | D:2      | XOM: give mutations
  2072 | D:2      | Gained mutation: You have large cloven feet. [Xom's grace]
  2072 | D:2      | Gained mutation: You have supernaturally acute eyesight.
                  | (SInv) [Xom's grace]
  2072 | D:2      | Gained mutation: You are strong-willed. (Will+) [Xom's
                  | grace]
  2072 | D:2      | Gained mutation: You are resistant to electric shocks.
                  | (rElec) [Xom's grace]
  2097 | D:2      | Found a runed translucent door.
  2098 | D:2      | Noticed Crazy Yiuf
  2103 | D:2      | Killed Crazy Yiuf
  2104 | D:2      | Reached XP level 5. HP: 41/41 MP: 5/5
  2149 | D:2      | XOM: cloud trail
  2541 | D:3      | XOM: scenery: 1 doors open
  2611 | D:3      | XOM: scenery: summon butterflies
  2631 | D:3      | Reached skill level 6 in Axes
  2672 | D:3      | XOM: 1-stop teleportation journey
  3051 | D:4      | Reached XP level 6. HP: 34/47 MP: 6/6
  3062 | D:4      | XOM: noise
  3242 | D:4      | Found a staircase to the Ecumenical Temple.
  3256 | Temple   | Entered the Ecumenical Temple
  3301 | Temple   | Fell from the grace of Xom
  3301 | Temple   | Became a worshipper of Warmaster Okawaru
  3477 | D:4      | Reached skill level 7 in Axes
  3756 | D:4      | Identified the +6 falchion of Koamm {flame, +Blink}
  3840 | D:4      | Found a shadowy altar of Dithmenos.
  3847 | D:4      | Found a bloodstained altar of Trog.
  3847 | D:4      | Found a sacrificial altar of Ru.
  3857 | D:4      | Found a basalt altar of Yredelemnul.
  4110 | D:5      | Entered Level 5 of the Dungeon
  4120 | D:5      | Mutation became permanent: You have large cloven feet.
                  | [demonic ancestry]
  4120 | D:5      | Gained mutation: You have large cloven feet. [demonic
                  | ancestry]
  4120 | D:5      | Reached XP level 7. HP: 52/52 MP: 7/7
  4217 | D:5      | XOM: summons 9 hostile demons
  4544 | D:5      | Reached * piety under Okawaru
  4593 | D:5      | Noticed Sigmund
  4602 | D:5      | Killed Sigmund
  4603 | D:5      | Reached skill level 8 in Axes
  5279 | D:5      | Reached XP level 8. HP: 54/58 MP: 8/8
  5547 | D:6      | Found a sparkling altar of Nemelex Xobeh.
  5794 | D:6      | Reached ** piety under Okawaru
  5803 | D:6      | Reached skill level 9 in Axes
  5818 | D:6      | Found a sand-covered staircase.
  5826 | Ossuary  | Entered an ossuary
  6074 | Ossuary  | Reached skill level 5 in Armour
  6204 | Ossuary  | Reached *** piety under Okawaru
  6205 | Ossuary  | Reached skill level 10 in Axes
  6205 | Ossuary  | Gained mutation: You are mostly covered in molten scales.
                  | (AC +3) [demonic ancestry]
  6205 | Ossuary  | Reached XP level 9. HP: 63/63 MP: 9/9
  6243 | Ossuary  | Lost mutation: You are dopey. (Int -2) [potion of mutation]
  6243 | Ossuary  | Lost mutation: You are weak. (Str -2) [potion of mutation]
  6243 | Ossuary  | Lost mutation: You are resistant to electric shocks.
                  | (rElec) [potion of mutation]
  6243 | Ossuary  | Gained mutation: You are agile. (Dex +2) [potion of
                  | mutation]
  6243 | Ossuary  | Lost mutation: You are agile. (Dex +2) [potion of mutation]
  6243 | Ossuary  | Gained mutation: Your natural rate of healing is unusually
                  | fast. [potion of mutation]
  6243 | Ossuary  | Gained mutation: You have an increased reservoir of magic.
                  | (+10% MP) [potion of mutation]
  6542 | D:6      | Noticed Duvessa
  6542 | D:6      | Noticed Dowan
  6552 | D:6      | Killed Duvessa
  6566 | D:6      | Killed Dowan
  6865 | D:7      | XOM: noise
  6873 | D:7      | Reached skill level 1 in Dodging
  7051 | D:7      | XOM: noise
  7370 | D:7      | XOM: silly message
  7481 | D:7      | XOM: silly message
  7493 | D:7      | XOM: silly message
  7561 | D:7      | XOM: silly message
  7723 | D:8      | Reached skill level 11 in Axes
  7732 | D:8      | Reached **** piety under Okawaru
  7773 | D:8      | Found a flagged portal.
  7779 | Bailey   | Entered a bailey
  7856 | Bailey   | XOM: silly message
  7888 | Bailey   | Reached skill level 1 in Throwing
  7889 | Bailey   | Found a burning altar of Makhleb.
  7891 | Bailey   | HP: 2/96 [orc warrior/+3 vampiric lajatang (10)]
  7942 | Bailey   | Identified the +7 morningstar of the Twisting Jester
                  | {venom, Fly rN++ Will- Dex+4}
  8123 | D:8      | XOM: chaos upgrade
  8224 | D:8      | Reached XP level 10. HP: 55/70 MP: 11/11
  8245 | D:8      | Reached ***** piety under Okawaru
  8293 | D:8      | Reached skill level 12 in Axes
  8348 | D:8      | Found a staircase to the Lair.
  8734 | D:8      | XOM: summons 12 hostile demons
  8822 | Lair:1   | Entered Level 1 of the Lair of Beasts
  8832 | Lair:1   | Received a gift from Okawaru
  8846 | Lair:1   | Noticed an eight-headed hydra
  8851 | Lair:1   | Noticed a bunyip
  8851 | Lair:1   | an eight-headed hydra changed into a bunyip
  8851 | Lair:1   | XOM: polymorph eight-headed hydra -> bunyip
  8869 | Lair:1   | Killed a bunyip
  8909 | Lair:1   | Noticed an eight-headed hydra
  8919 | Lair:1   | Killed a five-headed hydra
  8979 | Lair:1   | Reached skill level 5 in Throwing
  9008 | Lair:1   | Noticed a cane toad
  9019 | Lair:1   | Killed a cane toad
  9020 | Lair:1   | Reached skill level 13 in Axes
  9101 | Lair:1   | Gained mutation: You have hoof-like feet. [demonic
                  | ancestry]
  9101 | Lair:1   | Reached XP level 11. HP: 53/77 MP: 12/12
  9298 | Lair:1   | Noticed a six-headed hydra
  9307 | Lair:1   | Killed a three-headed hydra
  9655 | Lair:1   | Noticed an oklob plant
  9655 | Lair:1   | Noticed an oklob plant
  9694 | Lair:1   | XOM: stat loss: -2 Int (20/22)
 10314 | Lair:2   | Noticed a six-headed hydra
 10325 | Lair:2   | Killed a one-headed hydra
 10325 | Lair:2   | XOM: 4-stop teleportation journey
 10326 | Lair:2   | Reached skill level 5 in Fighting
 10393 | Lair:2   | Noticed a death yak
 10393 | Lair:2   | Noticed a death yak
 10394 | Lair:2   | Noticed a death yak
 10398 | Lair:2   | XOM: give mutations
 10398 | Lair:2   | Gained mutation: You are frail. (-10% HP) [Xom's mischief]
 10398 | Lair:2   | Gained mutation: Armour fits poorly on your strangely
                  | shaped body. [Xom's mischief]
 10415 | Lair:2   | Killed a death yak
 10416 | Lair:2   | Reached skill level 1 in Invocations
 10417 | Lair:2   | Noticed a death yak
 10418 | Lair:2   | Killed a death yak
 10418 | Lair:2   | Received a gift from Okawaru
 10419 | Lair:2   | Noticed a death yak
 10429 | Lair:2   | Killed a death yak
 10430 | Lair:2   | Reached skill level 14 in Axes
 10449 | Lair:2   | Killed a death yak
 10454 | Lair:2   | Killed a death yak
 10531 | Lair:2   | XOM: give mutations
 10531 | Lair:2   | Lost mutation: Armour fits poorly on your strangely shaped
                  | body. [Xom's mischief]
 10531 | Lair:2   | Lost mutation: You are frail. (-10% HP) [Xom's mischief]
 10531 | Lair:2   | Gained mutation: Armour fits poorly on your strangely
                  | shaped body. [Xom's mischief]
 10531 | Lair:2   | Gained mutation: You sometimes lose the ability to read
                  | scrolls when taking damage. [Xom's mischief]
 10569 | Lair:2   | Lost mutation: Armour fits poorly on your strangely shaped
                  | body. [potion of mutation]
 10569 | Lair:2   | Lost mutation: You have an increased reservoir of magic.
                  | (+10% MP) [potion of mutation]
 10569 | Lair:2   | Gained mutation: You evolve. [potion of mutation]
 10569 | Lair:2   | Gained mutation: Your flesh is cold resistant. (rC+)
                  | [potion of mutation]
 10598 | Lair:2   | Lost mutation: You are strong-willed. (Will+) [potion of
                  | mutation]
 10598 | Lair:2   | Gained mutation: Your body sometimes deteriorates upon
                  | taking damage. [potion of mutation]
 10598 | Lair:2   | Gained mutation: Your muscles are strong. (Str +2) [potion
                  | of mutation]
 10609 | Lair:2   | Reached skill level 1 in Shields
 10677 | Lair:2   | XOM: give mutations
 10677 | Lair:2   | Lost mutation: You sometimes lose the ability to read
                  | scrolls when taking damage. [Xom's mischief]
 10677 | Lair:2   | Lost mutation: You have supernaturally acute eyesight.
                  | (SInv) [Xom's mischief]
 10719 | Lair:2   | XOM: give mutations
 10719 | Lair:2   | Gained mutation: Your body often deteriorates upon taking
                  | damage. [Xom's mischief]
 10719 | Lair:2   | Lost mutation: Your muscles are strong. (Str +2) [Xom's
                  | mischief]
 10719 | Lair:2   | Gained mutation: You are clumsy. (Dex -2) [Xom's mischief]
 10719 | Lair:2   | Gained mutation: You sometimes lose the ability to read
                  | scrolls when taking damage. [Xom's mischief]
 10983 | Lair:2   | Lost mutation: You are clumsy. (Dex -2) [evolution]
 11042 | Lair:3   | XOM: noise
 11066 | Lair:3   | Noticed a five-headed hydra
 11076 | Lair:3   | Killed a two-headed hydra
 11077 | Lair:3   | Gained mutation: You regenerate magic rapidly. [demonic
                  | ancestry]
 11077 | Lair:3   | Reached XP level 12. HP: 63/89 MP: 13/15
 11087 | Lair:3   | Noticed a five-headed hydra
 11225 | Lair:3   | XOM: draining
 11324 | Lair:3   | Reached skill level 5 in Shields
 11327 | Lair:3   | Found a staircase to the Shoals.
 11407 | Lair:3   | XOM: confusion (+ monsters)
 11660 | Lair:3   | Killed a one-headed hydra
 11660 | Lair:3   | Received a gift from Okawaru
 11722 | Lair:3   | Found a runed translucent door.
 11723 | Lair:3   | Noticed an eight-headed hydra
 11723 | Lair:3   | Noticed Lonelite's ghost (journeyman DECj)
 11724 | Lair:3   | XOM: draining
 11948 | Lair:3   | Reached skill level 1 in Evocations
 11990 | Lair:3   | XOM: summons 2 hostile shadow creatures
 12016 | Lair:3   | Noticed a five-headed hydra
 12029 | Lair:3   | Killed a one-headed hydra
 12101 | Lair:3   | Identified Sif Muna's Volume of Enthralling Poisoning
 12344 | Lair:4   | Received a gift from Okawaru
 12474 | Lair:4   | Noticed an eight-headed hydra
 12497 | Lair:4   | Killed a five-headed hydra
 12497 | Lair:4   | Reached ****** piety under Okawaru
 12497 | Lair:4   | Identified the quicksilver dragon scales "Pupnecwo" {Will+
                  | Dex+3} (Okawaru gifted it to you on level 4 of the Lair of
                  | Beasts)
 12497 | Lair:4   | Received a gift from Okawaru
 12498 | Lair:4   | Reached skill level 5 in Evocations
 12616 | Lair:4   | XOM: summons 4 hostile shadow creatures
 12670 | Lair:4   | XOM: give mutation
 12670 | Lair:4   | Lost mutation: Your flesh is cold resistant. (rC+) [Xom's
                  | mischief]
 12678 | Lair:4   | Found a staircase to the Snake Pit.
 12684 | Lair:4   | Noticed a seven-headed hydra
 12695 | Lair:4   | Killed a three-headed hydra
 12847 | Lair:4   | Gained mutation: When hurt, damage is shared between your
                  | health and your magic reserves. [demonic ancestry]
 12847 | Lair:4   | Reached XP level 13. HP: 88/101 MP: 16/16
 12889 | Lair:4   | Was forgiven by Xom
 13145 | Lair:4   | Found a snail-covered altar of Cheibriados.
 13618 | Lair:5   | Identified the amulet "Gammazi" {Spirit rC- Int+4 Dex+6}
 13695 | Lair:5   | Reached skill level 10 in Fighting
 13918 | Lair:5   | Identified the Grimoire of Stolen Souls and Poison
 14186 | Lair:5   | Found a runed translucent door.
 14188 | Lair:5   | Found a viscous altar of Jiyva.
 14188 | Lair:5   | Noticed an acid blob
 14188 | Lair:5   | Noticed an acid blob
 14192 | Lair:5   | Found a staircase to the Slime Pits.
 14575 | Lair:6   | Entered Level 6 of the Lair of Beasts
 14595 | Lair:6   | Annihilated by an elephant

Illustrated notes

Levels and vault maps discovered:
D:1:      ncdulo_wetmaze, layout_basic, hellmonk_ecumenical_altar_crossroads
D:2:      layout_rooms, uniq_crazy_yiuf_cottage, uniq_robin
D:3:      layout_rooms, st_stairs_12, nrook_uturn, feat_on_display
D:4:      layout_basic, minitemple, temple_green
D:5:      layout_basic, uniq_sigmund
D:6:      layout_loops_cross, nemelex_spade_bored_becter, zin_treasury,
          enter_ossuary_1, lemuel_flamethrower_2, uniq_duvessa
D:7:      layout_basic, serial_bayou, serial_bayou_lagoon_a,
          serial_bayou_pond_c, serial_bayou_pond_e, serial_bayou_shore_a
D:8:      layout_basic, erik_lair_island, enter_bailey_4
Temple:   nicolae_temple_god_jail
Lair:1:   dpeg_oklob_gauntlet, layout_layer_cave, grunt_megastairs_5
Lair:2:   layout_gridlike
Lair:3:   layout_cave_pods, elwin_shoals_entry_rocks, ebering_ghost_inner_flame,
          grunt_megastairs_3, lemuel_fruit_fields
Lair:4:   layout_regular_city, dummy_snake_entry, kennysheep_snail_temple
Lair:5:   layout_cave_pods, slime_altar_2, serial_bayou_shore_b
Lair:6:   minmay_lair_end_frog_pond, layout_misc_corridors, worms_lemuel,
          uniq_kirke

Skill      XL: |  1  2  3  4  5  6  7  8  9 10 11 12 13 |
---------------+----------------------------------------+-----
Axes           | 3 4 5 6 7 8 10 11 13 14 | 14.2
Armour         | 2 3 5 7 |  7.9
Dodging        | 2 |  2.0
Throwing       | 2 5 |  5.0
Fighting       | 4 6 9 10 | 10.8
Invocations    | 4 |  4.1
Shields        | 3 6 |  6.0
Evocations     | 6 |  6.2

Action                   |  1- 3 |  4- 6 |  7- 9 | 10-12 | 13-15 || total
-------------------------+-------+-------+-------+-------+-------++-------
Melee: Hand axe          |    88 |   168 |   437 |   510 |   193 ||  1396
       Kick              |       |    20 |   125 |   197 |    89 ||   431
       Falchion          |       |       |       |    53 |     5 ||    58
       Punch             |       |       |       |     2 |       ||     2
Throw: Throwing net      |       |     2 |       |       |       ||     2
       Boomerang         |       |       |    29 |     6 |       ||    35
Invok: Heroism           |       |       |       |    11 |       ||    11
Evoke: Wand              |       |       |     6 |    13 |       ||    19
  Use: Scroll            |       |       |    16 |       |     4 ||    20
       Potion            |       |       |     2 |     3 |     3 ||     8
Armor: Leather armour    |    39 |    79 |   196 |    38 |       ||   352
       Scale mail        |       |       |       |   198 |       ||   198
       Quicksilver drago |       |       |       |    49 |    55 ||   104
Dodge: Dodged            |    63 |    95 |   257 |   268 |    69 ||   752
Block: Buckler           |       |       |       |    56 |    47 ||   103
       Rpst.: Falchion   |       |       |       |     3 |     1 ||     4

Table legend: (Time is in decaauts)
 A = Elapsed time spent in this place.
 B = Non-inter-level travel time spent in this place.
 C = Inter-level travel time spent in this place.
 D = Time resting spent in this place.
 E = Time spent auto-exploring this place.
 F = Levels seen in this place.
 G = Mean time per level.
                   A        B        C        D        E       F      G
               +--------+--------+--------+--------+--------+-----+--------+
         Total |  14346 |  13941 |    405 |   1083 |   9909 |  17 |  843.9 |
       Dungeon |   8139 |   7877 |    262 |    841 |   5471 |   8 | 1017.4 |
        Temple |     58 |     46 |     12 |      0 |     38 |   1 |   58.0 |
          Lair |   5485 |   5354 |    131 |    106 |   4193 |   6 |  914.2 |
       Ossuary |    461 |    461 |      0 |     86 |    204 |   1 |  461.0 |
        Bailey |    200 |    200 |      0 |     50 |      3 |   1 |  200.0 |
               +--------+--------+--------+--------+--------+-----+--------+

Top non-repeatable levels by time:
     D:1: 1387 daAuts
  Lair:1: 1354 daAuts
     D:4: 1212 daAuts
  Lair:3: 1183 daAuts
     D:5: 1173 daAuts
  Lair:4: 1094 daAuts
  Lair:5: 1057 daAuts
     D:8: 1043 daAuts
     D:7: 920 daAuts
     D:2: 899 daAuts
  Lair:2: 773 daAuts
     D:6: 759 daAuts
     D:3: 743 daAuts
 Ossuary: 461 daAuts
  Bailey: 200 daAuts
